 Dungeon Crawl Stone Soup version 0.24.0-37-gcf1ca852f1 (webtiles) character file.

Game seed: 10714595906639672356, levelgen mode: deterministic

5080 95kv the Carver (level 10, -21/72 HPs)
             Began as a Formicid Fighter on Nov 22, 2019.
             Was a Believer of Hepliaklqana.
             Demolished by an orc knight
             ... wielding a +0 great mace
              (34 damage)
             ... in a bailey on Nov 23, 2019.
             The game lasted 00:57:13 (11088 turns).

95kv the Carver (Formicid Fighter)                 Turns: 11088, Time: 00:57:14

Health: -21/72     AC: 16    Str: 21 (23) XL:     10   Next: 86%
Magic:  10/10      EV:  8    Int: 10 (13) God:    Hepliaklqana [**....]
Gold:   344        SH: 11    Dex:  9 (11) Spells: 9/9 levels left

rFire    . . .     SeeInvis +   a - +5 falchion
rCold    . . .     Gourm    .   c - +0 shield
rNeg     . . .     Faith    .   l - +0 chain mail
rPois    .         Spirit   .   (helmet unavailable)
rElec    .         Reflect  .   y - +0 cloak
rCorr    .         Harm     .   s - +1 pair of gloves
MR       +....                  (no boots)
Stlth    ..........             (no amulet)
HPRegen  0.22/turn              (no ring)
MPRegen  0.12/turn              k - +2 ring of protection

@: brilliant, very slightly contaminated, invisible
A: permanent stasis, dig shafts and tunnels, four strong arms, reduced essence,
antennae 3
a: Dig, Shaft Self, Recall Ancestor, Ancestor Identity, Renounce Religion


You were in a bailey.
You worshipped Hepliaklqana.
Hepliaklqana was pleased with you.
You were not hungry.

You visited 2 branches of the dungeon, and saw 11 of its levels.
You also visited: Sewer, Ossuary and Bailey.

You collected 344 gold pieces.

Inventory:

Hand Weapons
 a - a +5 falchion (weapon)
 b - a +2 dagger of venom
Armour
 c - a +0 shield (worn)
 i - a +0 scale mail
 l - a +0 chain mail (worn)
 r - a +0 ring mail of fire resistance
 s - a +1 pair of gloves (worn)
 y - a +0 cloak (worn)
Jewellery
 k - a +2 ring of protection (right hand)
 D - an uncursed ring of flight
Wands
 t - a wand of disintegration (58)
 u - a wand of flame (11)
 v - a wand of iceblast (8)
 C - a wand of polymorph (11)
Scrolls
 e - 4 scrolls of remove curse
 g - a scroll of immolation
Potions
 d - 5 potions of might
 h - 2 potions of mutation
 j - 2 potions of flight
 n - 4 potions of haste
 o - a potion of magic
 w - a potion of brilliance
 z - 2 potions of agility
 A - 2 potions of cancellation
Comestibles
 f - 11 rations
 m - 3 chunks of flesh


   Skills:
 + Level 8.2 Fighting
 * Level 9.9 Long Blades
 + Level 8.3 Armour
 + Level 9.0 Shields


You had 9 spell levels left.
You didn't know any spells.
Your spell library was empty.

Dungeon Overview and Level Annotations

Branches:
Dungeon (10/15)            Temple (1/1) D:5           Sewer (visited)
Ossuary (visited)          Bailey (1/1)
   Lair: D:8-11         Orc: D:9-12

Altars:
Ashenzari
Cheibriados
Dithmenos
Elyvilon
Fedhas
Gozag
Hepliaklqana
Kikubaaqudgha
Makhleb
Nemelex Xobeh
Okawaru
Qazlal
Ru
Sif Muna
Uskayaw
Vehumet
Wu Jian
Xom
Yredelemnul
Zin
The Shining One


Innate Abilities, Weirdness & Mutations

You cannot be hasted, slowed, berserked, paralysed or teleported.
You can dig through walls and to a lower floor.
Your four strong arms can wield two-handed weapons with a shield.
You have a pair of large antennae on your head. (SInv)
Your life essence is reduced to manifest your ancestor. (-10% HP)


Message History

You hear a shout!
There is an open door here.
You see here 4 boomerangs.
There is a fountain of blood here.
Items here: ( ))) ÷ a +0 halberd; a +1 halberd of electrocution; 8 boomerangs a +2 halberd of electrocution; a hobgoblin skeleton
There is an open door here.
The orc knight hits you with a +0 great mace!!
* * * LOW HITPOINT WARNING * * *
There is an open door, spattered with blood here.
The orc knight rages.
You see here 3 boomerangs.
You block the orc knight's attack.
There is an open door here.
Okay, then.
As you read the scroll of fear, it crumbles to dust.
You assume a fearsome visage.
The orc knight hits you with a +0 great mace!!
You die...

.'..⌠K. #.'..g..'.#
##..... ###....(###
#.....# #...()##
#'##'##g# #'##'##{##
.# #. #g#.# #.###.#
## ### ##### ### #'#
.###.###)#.###.###(#
#'##'##'###'##'##o##
##.....## ##....@##
##.....#####.....###
.(..∩..'.#.'(.⌠..'.#
##.((.(#####.(...###
##.....## ##)(...#
#'##(##'###(##)##'#
∩###.###)).###.# #.#
## ### ##### ### ##


You could see an orc knight (berserk).

Vanquished Creatures
  A two-headed ogre (D:8)
  A water moccasin (D:8)
  An eye of draining (D:10)
  2 sky beasts (D:7)
  An ice beast (D:5)
  2 black bears
  A phantom (D:5)
  2 necrophages
  A centaur (D:8)
  2 ogres
  A big kobold (Sewer)
  3 bullfrogs
  2 scorpions
  3 wights
  An orc priest (D:6)
  6 orc wizards
  4 hounds
  3 bullfrog skeletons (D:5)
  Jessica (D:2)
  2 worker ants
  2 big kobold zombies (Ossuary)
  A hound zombie (D:8)
  A hound skeleton (D:6)
  A mummy (Ossuary)
  Robin (D:2)
  13 gnolls
  6 adders
  A howler monkey skeleton (D:4)
  A river rat (Sewer)
  2 oozes
  3 adder skeletons
  2 worms
  A dart slug (D:2)
  5 leopard geckos
  19 orcs
  2 ball pythons
  12 bats
  3 giant cockroaches
  14 goblins
  13 hobgoblins
  12 jackals
  13 kobolds
  3 quokkas
  4 frilled lizards
  A goblin zombie (Ossuary)
  4 hobgoblin zombies (Ossuary)
  A jackal skeleton (D:5)
  2 kobold zombies (Ossuary)
  A leopard gecko zombie (D:5)
  7 orc zombies (Ossuary)
  15 rats
  A rat zombie (Ossuary)
207 creatures vanquished.

Vanquished Creatures (collateral kills)
  A cyclops (D:10)
  The ghost of rumpelstilzz the Stinger, a novice OpVM (D:5)
  A hungry ghost (D:8)
  2 ice beasts
  A phantom (D:7)
  An ogre (D:7)
  A centaur (D:6)
  An elf zombie (Ossuary)
  A scorpion (D:10)
  4 wights
  2 crimson imps
  A centaur zombie (Ossuary)
  A human zombie (Ossuary)
  2 jellies (D:7)
  A worker ant (D:8)
  A big kobold zombie (Ossuary)
  A hound skeleton (D:5)
  A mummy (Ossuary)
  3 gnolls
  3 adders
  2 adder zombies
  A leopard gecko (D:8)
  5 orcs
  2 hobgoblins (Bailey)
  3 jackals
  6 hobgoblin zombies (Ossuary)
  A jackal zombie (Ossuary)
  6 kobolds (Bailey)
  5 kobold zombies (Ossuary)
  3 orc zombies (Ossuary)
  A quokka zombie (D:6)
65 creatures vanquished.

Vanquished Creatures (others)
  A knight (Bailey)
1 creature vanquished.

Grand Total: 273 creatures vanquished

Notes
Turn   | Place    | Note
-------+----------+-------------------------------------------
     0 | D:1      | 95kv the Formicid Fighter began the quest for the Orb.
     0 | D:1      | Reached XP level 1. HP: 18/18 MP: 1/1
   120 | D:1      | Reached XP level 2. HP: 23/24 MP: 2/2
   701 | D:1      | Reached XP level 3. HP: 29/29 MP: 3/3
  1314 | D:2      | Found a stormy altar of Qazlal.
  1640 | D:2      | Reached XP level 4. HP: 37/37 MP: 4/4
  1817 | D:2      | Noticed Jessica
  1825 | D:2      | Killed Jessica
  1879 | D:2      | Noticed Robin
  1918 | D:2      | Killed Robin
  1918 | D:2      | Reached XP level 5. HP: 18/42 MP: 5/5
  2339 | D:2      | Found an ancient bone altar of Kikubaaqudgha.
  2968 | D:3      | Reached XP level 6. HP: 42/48 MP: 6/6
  3069 | D:3      | Found a blossoming altar of Fedhas.
  3412 | D:3      | Found a glowing golden altar of the Shining One.
  4150 | D:4      | Found an ornate altar of the Wu Jian Council.
  4230 | D:4      | Reached skill level 5 in Shields
  4515 | D:5      | Entered Level 5 of the Dungeon
  4525 | D:5      | Found a runed translucent gate.
  4526 | D:5      | Found a runed translucent gate.
  4544 | D:5      | Reached XP level 7. HP: 48/55 MP: 7/7
  4562 | D:5      | Found a runed translucent gate.
  4564 | D:5      | Noticed rumpelstilzz's ghost (novice OpVM)
  4593 | D:5      | Found a shimmering altar of Xom.
  4609 | D:5      | Found a shadowy altar of Dithmenos.
  4610 | D:5      | Found a white marble altar of Elyvilon.
  4629 | D:5      | Found a staircase to the Ecumenical Temple.
  4712 | D:5      | Reached skill level 5 in Long Blades
  4748 | D:5      | Reached skill level 5 in Armour
  4771 | D:5      | Reached skill level 5 in Fighting
  4889 | D:5      | Found a glowing drain.
  4916 | Sewer    | Entered a sewer
  5061 | Sewer    | Reached XP level 8. HP: 31/62 MP: 8/8
  5326 | Sewer    | Found a white marble altar of Elyvilon.
  5715 | Temple   | Entered the Ecumenical Temple
  5773 | Temple   | Became a worshipper of Hepliaklqana the Forgotten
  5820 | D:5      | Killed rumpelstilzz's ghost
  6508 | D:6      | Reached XP level 9. HP: 62/62 MP: 9/9
  7956 | D:7      | Reached * piety under Hepliaklqana
  8159 | D:7      | Found a sand-covered staircase.
  8168 | Ossuary  | Entered an ossuary
  8958 | D:7      | Reached XP level 10. HP: 71/71 MP: 10/10
  9449 | D:8      | Reached ** piety under Hepliaklqana
  9450 | D:8      | Remembered your ancestor Nkonkoni as a knight
  9460 | D:8      | Noticed a two-headed ogre
  9476 | D:8      | Killed a two-headed ogre
 10398 | D:9      | Noticed a four-headed hydra
 10432 | D:9      | You fall into a shaft and drop 1 floor!
 10432 | D:10     | Entered Level 10 of the Dungeon
 10747 | D:10     | Noticed a cyclops
 10769 | D:10     | Killed a cyclops
 10775 | D:10     | Found a flagged portal.
 10785 | Bailey   | Entered a bailey
 10952 | Bailey   | Noticed an orc knight
 11088 | Bailey   | Demolished by an orc knight

Levels and vault maps discovered:
D:1:      dpeg_arrival_rooms_b, layout_basic
D:2:      layout_basic, kiku_gazebo_garden_becter, lemuel_doored_altar,
          first_ration, uniq_jessica, uniq_robin
D:3:      layout_basic, fedhas_ov_isle_minmay, tso_altar, st_stairs_10
D:4:      layout_rooms, old_standard_altar, minmay_unequal
D:5:      layout_cave_pools, grunt_temple_overflow_open,
          minmay_temple_entry_butterflies, gammafunk_ghost_necromancy,
          portal_sewer_entry_d
D:6:      layout_layer_cave, grunt_ministairs_6
D:7:      layout_basic, enter_ossuary_1
D:8:      layout_loops_ring
D:9:      layout_cave_pools, serial_shops, nicolae_shop_behind_doors
D:10:     layout_long_grid, erik_orc_4, basic_altar, enter_bailey_8,
          hangedman_pestilent_swarm, uniq_erica
Temple:   eino_temple_water
Bailey:   bailey_axe_2, bailey

Skill      XL: |  1  2  3  4  5  6  7  8  9 10 |
---------------+-------------------------------+-----
Shields        | 4 5 6 7 9 |  9.0
Long Blades    | 3 4 5 6 8 9 |  9.9
Armour         | 4 5 6 7 8 |  8.3
Fighting       | 4 5 6 7 8 |  8.2

Action                   |  1- 3 |  4- 6 |  7- 9 | 10-12 || total
-------------------------+-------+-------+-------+-------++-------
Melee: Long sword        |   142 |   257 |   411 |       ||   810
       Falchion          |       |       |    17 |   150 ||   167
Invok: Recall Ancestor   |       |       |     1 |     2 ||     3
       Ancestor Life: Kn |       |       |       |     1 ||     1
 Abil: Dig               |       |       |     2 |       ||     2
       Shaft Self        |       |       |       |     1 ||     1
Evoke: Wand              |       |       |       |     3 ||     3
  Use: Scroll            |     3 |     6 |     5 |     5 ||    19
       Potion            |       |     1 |     3 |     9 ||    13
 Stab: Distracted        |       |       |     2 |     1 ||     3
  Eat: Chunk             |     3 |     9 |    12 |     4 ||    28
       Ration            |       |       |     1 |     1 ||     2
Armor: Scale mail        |    77 |       |       |       ||    77
       Chain mail        |     1 |   144 |   196 |    72 ||   413
Dodge: Dodged            |    37 |    61 |    86 |    65 ||   249
Block: Shield            |    86 |   160 |   192 |   101 ||   539
       Rpst.: Long sword |    11 |    17 |    17 |       ||    45
       Falchion          |       |       |       |    17 ||    17
